[ PARTIDA AOE2 · #470842177 ]
UnrankedPersas vs Mongols
[ ANÁLISIS DE REPETICIÓN · EXTRAÍDO DE LA PARTIDA GRABADA ]
Feudal
14:18
Castillos
17:32
Imperial
29:57
| APM promedio | 34.1 |
| APM pico | 87 |
| eAPM promedio | 19.4 |
| Aldeanos / militares | 186 / 699 |
Foco
⚔️ 31.9% · 🌾 68.1%
Knight ×348 · Spearman ×322 · Camel Scout ×25 · Fishing Ship ×6 · Fire Galley ×3 · Unknown (2626) ×2
Feudal
14:36
Castillos
18:18
Imperial
38:52
| APM promedio | 28.7 |
| APM pico | 59 |
| eAPM promedio | 17.0 |
| Aldeanos / militares | 129 / 261 |
Foco
⚔️ 42.3% · 🌾 57.7%
Mangudai ×161 · Fishing Ship ×54 · Battering Ram ×49 · Scout Cavalry ×43 · Trebuchet (Packed) ×6 · Unknown (2626) ×4
Feudal
13:25
Castillos
16:38
Imperial
31:28
| APM promedio | 35.1 |
| APM pico | 73 |
| eAPM promedio | 22.8 |
| Aldeanos / militares | 170 / 223 |
Foco
⚔️ 34.5% · 🌾 65.5%
Ballista Elephant ×170 · Scout Cavalry ×37 · Trebuchet (Packed) ×10 · Fishing Ship ×7 · Battle Elephant ×6 · Unknown (2626) ×4
Feudal
15:20
Castillos
20:29
Imperial
37:59
| APM promedio | 44.1 |
| APM pico | 109 |
| eAPM promedio | 23.7 |
| Aldeanos / militares | 107 / 193 |
Foco
⚔️ 30.7% · 🌾 69.3%
Camel Scout ×107 · Scout Cavalry ×72 · Fishing Ship ×12 · Knight ×10 · Battering Ram ×2 · Transport Ship ×2
Feudal
14:06
Castillos
21:04
Imperial
33:31
| APM promedio | 33.2 |
| APM pico | 57 |
| eAPM promedio | 21.1 |
| Aldeanos / militares | 304 / 118 |
Foco
⚔️ 22.5% · 🌾 77.5%
Camel Scout ×93 · Fishing Ship ×33 · Knight ×24 · Unknown (2626) ×13 · Fire Galley ×1
Feudal
12:39
Castillos
21:03
Imperial
—
| APM promedio | 35.3 |
| APM pico | 77 |
| eAPM promedio | 18.9 |
| Aldeanos / militares | 101 / 47 |
Foco
⚔️ 22.4% · 🌾 77.6%
Fire Galley ×30 · Camel Scout ×9 · Fishing Ship ×9 · Mangonel ×5 · Scout Cavalry ×2 · Battering Ram ×1
Feudal
13:31
Castillos
17:40
Imperial
32:11
| APM promedio | 30.2 |
| APM pico | 57 |
| eAPM promedio | 19.7 |
| Aldeanos / militares | 208 / 333 |
Foco
⚔️ 40.5% · 🌾 59.5%
Camel Scout ×229 · Hand Cannoneer ×60 · Scout Cavalry ×30 · Ghulam ×5 · Fishing Ship ×4 · Trebuchet (Packed) ×4
Feudal
14:48
Castillos
18:37
Imperial
36:54
| APM promedio | 53.0 |
| APM pico | 104 |
| eAPM promedio | 32.4 |
| Aldeanos / militares | 104 / 175 |
Foco
⚔️ 21.4% · 🌾 78.6%
Monaspa ×153 · Trade Cart ×22 · Trebuchet (Packed) ×15 · Fishing Ship ×6 · Knight ×5 · Monk ×2
Mapa de la partida
Recursos iniciales + cada clic de construcción. Líneas = muros · curvas = relieve. ◆ oro · ⬟ piedra · ● bayas · ✦ reliquia · ◌ hueco del cierre
Tu base· Abierta — flanco sin cerrar
Base de -从未败过Never defeated· Abierta — hueco de 15t
Base de wayneidriss· Abierta — flanco sin cerrar
Base de YuHan· Abierta — flanco sin cerrar
Base de shogun· Abierta — flanco sin cerrar
Base de [TOX2] A-c-Syno-666· Abierta — flanco sin cerrar
Base de 抖音小妖· Abierta — hueco de 5t
Base de Hakka· Abierta — flanco sin cerrar
Terreno inicial suavizado · ◌ = hueco del cierre detectado · pasá el cursor para detalles
Inputs por minuto
— FromEast - - -从未败过Never defeated
Build order — FromEast
Primeras 150 de 630 acciones detectadas
| 0:43 | Construir | Town Center |
| 1:01 | Construir | Dock |
| 1:03 | Construir | House |
| 2:58 | Crear | Villager (Male) |
| 2:59 | Crear | Villager (Male) |
| 2:59 | Crear | Villager (Male) |
| 3:03 | Crear | Fishing Ship |
| 3:51 | Crear | Villager (Male) |
| 4:23 | Crear | Villager (Male) |
| 4:32 | Construir | Lumber Camp |
| 4:41 | Crear | Villager (Male) |
| 4:42 | Investigar | Loom |
| 5:14 | Construir | House |
| 5:24 | Crear | Villager (Male) |
| 5:24 | Crear | Villager (Male) |
| 5:53 | Crear | Villager (Male) |
| 5:53 | Crear | Villager (Male) |
| 6:01 | Crear | Fishing Ship |
| 6:01 | Crear | Fishing Ship |
| 6:09 | Construir | House |
| 6:15 | Crear | Villager (Male) |
| 6:16 | Crear | Villager (Male) |
| 6:54 | Crear | Villager (Male) |
| 6:54 | Crear | Villager (Male) |
| 7:02 | Crear | Fishing Ship |
| 7:17 | Crear | Villager (Male) |
| 7:17 | Crear | Villager (Male) |
| 7:38 | Crear | Villager (Male) |
| 7:38 | Crear | Villager (Male) |
| 7:42 | Crear | Fishing Ship |
| 8:04 | Construir | House |
| 8:07 | Crear | Villager (Male) |
| 8:48 | Construir | Mill |
| 8:49 | Crear | Villager (Male) |
| 9:15 | Crear | Villager (Male) |
| 9:33 | Construir | House |
| 9:41 | Crear | Villager (Male) |
| 10:11 | Construir | House |
| 10:15 | Crear | Villager (Male) |
| 10:15 | Crear | Villager (Male) |
| 10:59 | Crear | Villager (Male) |
| 11:06 | Crear | Fishing Ship |
| 11:23 | Crear | Villager (Male) |
| 11:29 | Investigar | Feudal Age |
| 11:51 | Investigar | Loom |
| 11:51 | Investigar | Feudal Age |
| 13:11 | Crear | Villager (Male) |
| 13:12 | Crear | Villager (Male) |
| 14:13 | Construir | Lumber Camp |
| 14:18 | Edad | Edad Feudal |
| 14:20 | Construir | Market |
| 14:21 | Construir | Blacksmith |
| 15:02 | Investigar | Double-Bit Axe |
| 15:02 | Investigar | Double-Bit Axe |
| 15:06 | Investigar | Castle Age |
| 15:07 | Investigar | Castle Age |
| 15:13 | Investigar | Horse Collar |
| 15:14 | Investigar | Horse Collar |
| 15:19 | Construir | House |
| 15:21 | Construir | Farm |
| 15:31 | Construir | Farm |
| 15:34 | Construir | Farm |
| 15:38 | Construir | Farm |
| 15:49 | Construir | Farm |
| 15:51 | Construir | Farm |
| 16:20 | Crear | Fire Galley |
| 16:45 | Crear | Villager (Male) |
| 16:45 | Crear | Villager (Male) |
| 16:55 | Crear | Fire Galley |
| 17:32 | Edad | Edad de los Castillos |
| 17:41 | Construir | Town Center |
| 17:51 | Construir | Town Center |
| 17:55 | Investigar | Bow Saw |
| 17:55 | Investigar | Bow Saw |
| 17:57 | Crear | Villager (Male) |
| 17:57 | Crear | Villager (Male) |
| 18:37 | Crear | Fire Galley |
| 18:43 | Crear | Villager (Male) |
| 18:47 | Construir | House |
| 18:47 | Construir | House |
| 18:52 | Investigar | Heavy Plow |
| 18:52 | Investigar | Heavy Plow |
| 19:09 | Crear | Villager (Male) |
| 19:33 | Crear | Demolition Raft |
| 19:59 | Crear | Villager (Male) |
| 20:00 | Crear | Villager (Male) |
| 20:00 | Crear | Villager (Male) |
| 20:00 | Crear | Villager (Male) |
| 20:00 | Crear | Villager (Male) |
| 20:01 | Crear | Villager (Male) |
| 20:01 | Crear | Villager (Male) |
| 20:01 | Crear | Villager (Male) |
| 20:02 | Crear | Villager (Male) |
| 20:06 | Crear | Unit 2626 |
| 20:14 | Construir | House |
| 20:15 | Construir | House |
| 20:16 | Crear | Villager (Male) |
| 20:21 | Crear | Villager (Male) |
| 20:21 | Crear | Villager (Male) |
| 20:25 | Construir | Farm |
| 20:28 | Construir | Farm |
| 20:30 | Construir | Farm |
| 20:35 | Crear | Villager (Male) |
| 20:35 | Crear | Villager (Male) |
| 20:38 | Construir | Farm |
| 20:51 | Crear | Villager (Male) |
| 20:51 | Crear | Villager (Male) |
| 21:03 | Investigar | War Galley (upgrade) |
| 21:08 | Crear | Villager (Male) |
| 21:08 | Crear | Villager (Male) |
| 21:13 | Construir | Farm |
| 21:14 | Construir | Farm |
| 21:38 | Crear | Villager (Male) |
| 21:38 | Crear | Villager (Male) |
| 21:39 | Crear | Villager (Male) |
| 21:41 | Construir | House |
| 21:41 | Construir | House |
| 21:45 | Construir | Farm |
| 21:46 | Construir | Farm |
| 21:47 | Construir | Farm |
| 21:53 | Construir | Farm |
| 21:53 | Construir | Farm |
| 21:55 | Construir | Farm |
| 21:56 | Construir | Farm |
| 21:59 | Construir | Farm |
| 22:09 | Crear | Villager (Male) |
| 22:10 | Crear | Villager (Male) |
| 22:10 | Crear | Villager (Male) |
| 22:15 | Construir | House |
| 22:15 | Construir | House |
| 22:17 | Construir | House |
| 22:18 | Construir | House |
| 22:21 | Investigar | Wheelbarrow |
| 22:30 | Construir | Farm |
| 22:32 | Construir | Farm |
| 22:50 | Crear | Villager (Male) |
| 22:50 | Crear | Villager (Male) |
| 22:50 | Crear | Villager (Male) |
| 22:50 | Crear | Villager (Male) |
| 22:51 | Crear | Villager (Male) |
| 22:53 | Construir | House |
| 22:54 | Construir | House |
| 22:55 | Construir | House |
| 23:02 | Construir | Farm |
| 23:03 | Construir | Farm |
| 23:04 | Construir | Farm |
| 23:08 | Construir | Mill |
| 23:11 | Crear | Villager (Male) |
| 23:11 | Crear | Villager (Male) |
| 23:24 | Construir | Stone Wall |
Build order — -从未败过Never defeated
Primeras 150 de 568 acciones detectadas
| 0:57 | Construir | Town Center |
| 2:58 | Construir | House |
| 3:16 | Crear | Villager (Male) |
| 3:16 | Crear | Villager (Male) |
| 3:17 | Crear | Villager (Male) |
| 3:56 | Crear | Villager (Male) |
| 3:56 | Crear | Villager (Male) |
| 4:38 | Investigar | Loom |
| 4:47 | Construir | Dock |
| 4:52 | Crear | Villager (Male) |
| 4:52 | Crear | Villager (Male) |
| 5:07 | Construir | House |
| 5:12 | Crear | Villager (Male) |
| 5:12 | Crear | Villager (Male) |
| 6:11 | Crear | Villager (Male) |
| 6:11 | Crear | Villager (Male) |
| 6:11 | Crear | Villager (Male) |
| 6:28 | Crear | Fishing Ship |
| 7:11 | Crear | Villager (Male) |
| 7:12 | Crear | Villager (Male) |
| 7:12 | Crear | Villager (Male) |
| 7:12 | Crear | Villager (Male) |
| 7:20 | Crear | Fishing Ship |
| 7:31 | Construir | House |
| 8:09 | Crear | Fishing Ship |
| 8:23 | Crear | Villager (Male) |
| 8:23 | Crear | Villager (Male) |
| 8:24 | Crear | Villager (Male) |
| 8:24 | Crear | Villager (Male) |
| 8:24 | Crear | Villager (Male) |
| 8:45 | Construir | House |
| 8:53 | Crear | Villager (Male) |
| 8:54 | Crear | Villager (Male) |
| 9:18 | Crear | Fishing Ship |
| 9:44 | Crear | Villager (Male) |
| 9:45 | Crear | Villager (Male) |
| 9:45 | Crear | Villager (Male) |
| 9:45 | Crear | Villager (Male) |
| 9:46 | Crear | Fishing Ship |
| 10:10 | Crear | Villager (Male) |
| 10:15 | Construir | House |
| 10:30 | Construir | House |
| 10:36 | Crear | Fishing Ship |
| 10:38 | Crear | Villager (Male) |
| 10:38 | Crear | Villager (Male) |
| 11:15 | Construir | House |
| 11:36 | Construir | House |
| 11:48 | Crear | Villager (Male) |
| 11:57 | Construir | Mill |
| 12:08 | Construir | House |
| 12:26 | Investigar | Feudal Age |
| 12:26 | Investigar | Feudal Age |
| 13:00 | Construir | House |
| 13:27 | Crear | Fishing Ship |
| 13:39 | Crear | Villager (Male) |
| 13:40 | Crear | Villager (Male) |
| 14:23 | Crear | Fishing Ship |
| 14:36 | Edad | Edad Feudal |
| 14:38 | Construir | Market |
| 14:40 | Construir | Blacksmith |
| 15:38 | Investigar | Castle Age |
| 15:38 | Investigar | Castle Age |
| 16:08 | Construir | House |
| 16:14 | Construir | Lumber Camp |
| 17:12 | Investigar | Double-Bit Axe |
| 17:14 | Crear | Villager (Male) |
| 17:14 | Crear | Villager (Male) |
| 17:47 | Construir | Mining Camp |
| 18:18 | Edad | Edad de los Castillos |
| 18:33 | Investigar | Bow Saw |
| 18:34 | Crear | Villager (Male) |
| 18:34 | Crear | Villager (Male) |
| 18:50 | Crear | Villager (Male) |
| 18:50 | Crear | Villager (Male) |
| 19:27 | Crear | Unit 2626 |
| 19:27 | Crear | Unit 2626 |
| 19:35 | Construir | House |
| 20:18 | Crear | Villager (Male) |
| 20:19 | Crear | Villager (Male) |
| 20:33 | Construir | Castle |
| 21:03 | Crear | Fishing Ship |
| 21:41 | Crear | Villager (Male) |
| 21:41 | Crear | Villager (Male) |
| 21:59 | Construir | Town Center |
| 22:12 | Crear | Mangudai |
| 22:35 | Crear | Villager (Male) |
| 22:36 | Crear | Villager (Male) |
| 22:39 | Crear | Villager (Male) |
| 22:39 | Crear | Villager (Male) |
| 23:07 | Crear | Villager (Male) |
| 23:07 | Crear | Villager (Male) |
| 23:36 | Construir | Town Center |
| 23:51 | Crear | Villager (Male) |
| 23:51 | Crear | Villager (Male) |
| 24:11 | Crear | Villager (Male) |
| 24:11 | Crear | Villager (Male) |
| 24:15 | Crear | Fishing Ship |
| 24:44 | Crear | Fishing Ship |
| 25:14 | Crear | Villager (Male) |
| 25:14 | Crear | Villager (Male) |
| 25:21 | Crear | Villager (Male) |
| 25:54 | Construir | Town Center |
| 26:16 | Construir | Dock |
| 26:46 | Crear | Villager (Male) |
| 27:02 | Crear | Fishing Ship |
| 27:03 | Crear | Fishing Ship |
| 27:09 | Crear | Unit 2626 |
| 27:09 | Crear | Unit 2626 |
| 27:36 | Crear | Villager (Male) |
| 27:36 | Crear | Villager (Male) |
| 27:39 | Construir | Farm |
| 27:40 | Construir | Farm |
| 27:41 | Construir | Farm |
| 27:44 | Crear | Villager (Male) |
| 27:57 | Construir | Town Center |
| 28:19 | Crear | Fishing Ship |
| 28:19 | Crear | Fishing Ship |
| 28:22 | Crear | Fishing Ship |
| 28:22 | Crear | Fishing Ship |
| 28:34 | Crear | Villager (Male) |
| 28:34 | Crear | Villager (Male) |
| 28:36 | Crear | Villager (Male) |
| 28:42 | Crear | Mangudai |
| 28:55 | Construir | Siege Workshop |
| 29:00 | Crear | Villager (Male) |
| 29:05 | Crear | Villager (Male) |
| 29:22 | Crear | Mangonel |
| 29:27 | Construir | Lumber Camp |
| 29:29 | Crear | Villager (Male) |
| 29:35 | Crear | Villager (Male) |
| 29:47 | Construir | Town Center |
| 30:09 | Crear | Fishing Ship |
| 30:50 | Construir | Castle |
| 30:56 | Crear | Villager (Male) |
| 31:09 | Construir | Dock |
| 31:16 | Investigar | Gold Mining |
| 31:43 | Crear | Villager (Male) |
| 31:44 | Crear | Villager (Male) |
| 31:44 | Crear | Villager (Male) |
| 31:44 | Crear | Villager (Male) |
| 31:46 | Crear | Villager (Male) |
| 31:46 | Crear | Villager (Male) |
| 31:49 | Crear | Villager (Male) |
| 31:49 | Crear | Villager (Male) |
| 31:53 | Crear | Villager (Male) |
| 31:54 | Crear | Villager (Male) |
| 31:58 | Investigar | Stone Mining |
| 32:05 | Crear | Fishing Ship |
| 32:05 | Crear | Fishing Ship |
| 32:09 | Investigar | Tech 906 |
Build order — wayneidriss
Primeras 150 de 612 acciones detectadas
| 0:07 | Construir | Town Center |
| 2:08 | Construir | House |
| 2:09 | Construir | House |
| 2:35 | Crear | Villager (Male) |
| 2:35 | Crear | Villager (Male) |
| 2:36 | Crear | Villager (Male) |
| 2:36 | Crear | Villager (Male) |
| 2:46 | Construir | Dock |
| 3:52 | Investigar | Loom |
| 3:52 | Investigar | Loom |
| 4:23 | Crear | Fishing Ship |
| 4:23 | Crear | Fishing Ship |
| 4:44 | Crear | Villager (Male) |
| 4:45 | Crear | Villager (Male) |
| 5:18 | Crear | Villager (Male) |
| 5:18 | Crear | Villager (Male) |
| 5:43 | Crear | Villager (Male) |
| 5:43 | Crear | Villager (Male) |
| 6:09 | Crear | Fishing Ship |
| 6:14 | Crear | Villager (Male) |
| 6:14 | Crear | Villager (Male) |
| 6:17 | Crear | Villager (Male) |
| 6:17 | Crear | Villager (Male) |
| 6:53 | Construir | House |
| 6:55 | Crear | Villager (Male) |
| 7:30 | Crear | Villager (Male) |
| 7:30 | Crear | Villager (Male) |
| 7:31 | Crear | Villager (Male) |
| 7:40 | Crear | Villager (Male) |
| 7:47 | Construir | House |
| 8:10 | Crear | Villager (Male) |
| 8:37 | Crear | Villager (Male) |
| 8:38 | Crear | Villager (Male) |
| 8:45 | Crear | Fishing Ship |
| 9:11 | Crear | Villager (Male) |
| 9:51 | Crear | Villager (Male) |
| 9:52 | Crear | Villager (Male) |
| 10:17 | Crear | Villager (Male) |
| 10:40 | Construir | Mill |
| 10:53 | Construir | House |
| 10:54 | Construir | House |
| 11:06 | Investigar | Feudal Age |
| 11:51 | Crear | Fishing Ship |
| 12:20 | Construir | House |
| 12:56 | Construir | Lumber Camp |
| 13:24 | Crear | Villager (Male) |
| 13:25 | Edad | Edad Feudal |
| 13:58 | Investigar | Castle Age |
| 13:58 | Investigar | Castle Age |
| 14:27 | Crear | Fishing Ship |
| 14:28 | Crear | Fishing Ship |
| 14:32 | Investigar | Double-Bit Axe |
| 14:37 | Crear | Unit 2626 |
| 14:37 | Crear | Unit 2626 |
| 14:46 | Crear | Unit 2626 |
| 15:03 | Investigar | Horse Collar |
| 16:10 | Crear | Villager (Male) |
| 16:11 | Crear | Villager (Male) |
| 16:38 | Edad | Edad de los Castillos |
| 16:41 | Construir | Town Center |
| 17:02 | Construir | Town Center |
| 17:04 | Crear | Villager (Male) |
| 17:05 | Crear | Villager (Male) |
| 17:49 | Investigar | Bow Saw |
| 17:56 | Crear | Villager (Male) |
| 17:56 | Crear | Villager (Male) |
| 17:57 | Crear | Villager (Male) |
| 18:06 | Construir | Palisade Wall |
| 18:08 | Construir | Palisade Wall |
| 18:10 | Construir | Palisade Wall |
| 18:13 | Construir | Palisade Wall |
| 18:15 | Construir | Palisade Wall |
| 18:41 | Crear | Villager (Male) |
| 18:50 | Investigar | Heavy Plow |
| 19:08 | Crear | Villager (Male) |
| 19:15 | Construir | Farm |
| 19:15 | Construir | Farm |
| 19:16 | Construir | Farm |
| 19:16 | Construir | Farm |
| 19:16 | Construir | Farm |
| 19:17 | Construir | Farm |
| 19:17 | Construir | Farm |
| 19:31 | Construir | Farm |
| 19:31 | Construir | Farm |
| 19:31 | Construir | Farm |
| 19:31 | Construir | Farm |
| 19:32 | Construir | Farm |
| 19:39 | Crear | Unit 2626 |
| 19:47 | Crear | Villager (Male) |
| 19:47 | Crear | Villager (Male) |
| 19:48 | Crear | Villager (Male) |
| 19:48 | Crear | Villager (Male) |
| 19:48 | Crear | Villager (Male) |
| 19:56 | Construir | Farm |
| 19:59 | Construir | Farm |
| 20:11 | Construir | Farm |
| 20:16 | Construir | House |
| 20:17 | Crear | Villager (Male) |
| 20:18 | Crear | Villager (Male) |
| 20:43 | Crear | Villager (Male) |
| 21:12 | Crear | Villager (Male) |
| 21:12 | Crear | Villager (Male) |
| 21:12 | Crear | Villager (Male) |
| 21:49 | Crear | Villager (Male) |
| 21:49 | Crear | Villager (Male) |
| 21:50 | Crear | Villager (Male) |
| 21:57 | Construir | Farm |
| 21:57 | Construir | Farm |
| 21:57 | Construir | Farm |
| 21:58 | Construir | Farm |
| 21:58 | Construir | Farm |
| 21:58 | Construir | Farm |
| 21:58 | Construir | Farm |
| 22:23 | Crear | Villager (Male) |
| 22:35 | Crear | Villager (Male) |
| 22:35 | Crear | Villager (Male) |
| 22:55 | Crear | Villager (Male) |
| 23:04 | Construir | Farm |
| 23:05 | Crear | Villager (Male) |
| 23:06 | Crear | Villager (Male) |
| 23:12 | Construir | House |
| 23:13 | Construir | House |
| 23:13 | Construir | House |
| 23:14 | Construir | House |
| 23:14 | Construir | House |
| 23:22 | Crear | Villager (Male) |
| 23:36 | Crear | Villager (Male) |
| 24:13 | Crear | Villager (Male) |
| 24:14 | Crear | Villager (Male) |
| 24:14 | Crear | Villager (Male) |
| 24:35 | Construir | Castle |
| 24:39 | Crear | Villager (Male) |
| 24:40 | Crear | Villager (Male) |
| 24:54 | Construir | House |
| 25:02 | Construir | House |
| 25:05 | Crear | Villager (Male) |
| 25:05 | Crear | Villager (Male) |
| 25:05 | Crear | Villager (Male) |
| 25:06 | Crear | Villager (Male) |
| 25:15 | Construir | House |
| 25:17 | Construir | Lumber Camp |
| 25:23 | Construir | Palisade Wall |
| 25:37 | Construir | Farm |
| 25:38 | Construir | Farm |
| 25:38 | Construir | Farm |
| 25:38 | Construir | Farm |
| 25:38 | Construir | Farm |
| 25:39 | Construir | Farm |
| 25:39 | Construir | Farm |
| 25:39 | Construir | Farm |
Build order — YuHan
Primeras 150 de 443 acciones detectadas
| 0:31 | Construir | Town Center |
| 3:11 | Crear | Villager (Male) |
| 3:16 | Crear | Villager (Male) |
| 3:17 | Crear | Villager (Male) |
| 3:20 | Crear | Villager (Male) |
| 3:42 | Construir | House |
| 3:53 | Crear | Villager (Male) |
| 4:45 | Construir | Dock |
| 5:14 | Crear | Villager (Male) |
| 5:15 | Crear | Villager (Male) |
| 5:36 | Crear | Villager (Male) |
| 6:00 | Crear | Fishing Ship |
| 6:00 | Crear | Fishing Ship |
| 6:04 | Investigar | Loom |
| 6:05 | Investigar | Loom |
| 6:19 | Construir | House |
| 6:36 | Crear | Villager (Male) |
| 6:53 | Crear | Villager (Male) |
| 7:10 | Crear | Villager (Male) |
| 7:31 | Crear | Villager (Male) |
| 7:36 | Construir | House |
| 7:42 | Crear | Villager (Male) |
| 7:49 | Crear | Villager (Male) |
| 7:58 | Crear | Villager (Male) |
| 8:41 | Crear | Villager (Male) |
| 8:48 | Construir | House |
| 9:14 | Crear | Villager (Male) |
| 9:18 | Crear | Fishing Ship |
| 9:27 | Crear | Villager (Male) |
| 9:58 | Crear | Fishing Ship |
| 10:18 | Crear | Villager (Male) |
| 10:22 | Crear | Villager (Male) |
| 10:37 | Construir | Mill |
| 10:41 | Crear | Villager (Male) |
| 11:01 | Crear | Fishing Ship |
| 11:11 | Construir | House |
| 11:24 | Crear | Villager (Male) |
| 11:28 | Crear | Villager (Male) |
| 11:37 | Construir | House |
| 11:41 | Crear | Villager (Male) |
| 11:54 | Crear | Fishing Ship |
| 12:12 | Crear | Villager (Male) |
| 12:17 | Construir | House |
| 12:24 | Crear | Villager (Male) |
| 12:37 | Construir | Lumber Camp |
| 12:54 | Construir | House |
| 12:56 | Investigar | Feudal Age |
| 12:56 | Investigar | Feudal Age |
| 12:57 | Investigar | Feudal Age |
| 13:11 | Construir | Mining Camp |
| 13:34 | Construir | Palisade Wall |
| 13:35 | Construir | Palisade Wall |
| 13:38 | Construir | Palisade Wall |
| 13:42 | Construir | Palisade Wall |
| 14:07 | Construir | Dock |
| 14:11 | Crear | Villager (Male) |
| 14:21 | Crear | Villager (Male) |
| 15:20 | Edad | Edad Feudal |
| 15:30 | Construir | Market |
| 15:34 | Construir | Blacksmith |
| 15:46 | Construir | Palisade Wall |
| 15:47 | Construir | Palisade Wall |
| 16:40 | Construir | House |
| 16:53 | Construir | Market |
| 16:56 | Construir | Blacksmith |
| 17:12 | Construir | Palisade Wall |
| 17:17 | Construir | Palisade Wall |
| 17:23 | Construir | Palisade Wall |
| 17:28 | Investigar | Double-Bit Axe |
| 17:29 | Investigar | Double-Bit Axe |
| 17:32 | Crear | Villager (Male) |
| 18:04 | Investigar | Castle Age |
| 18:04 | Investigar | Castle Age |
| 18:04 | Investigar | Castle Age |
| 18:49 | Construir | Dock |
| 19:08 | Construir | Farm |
| 19:11 | Construir | Lumber Camp |
| 19:19 | Crear | Transport Ship |
| 19:19 | Crear | Transport Ship |
| 19:25 | Investigar | Tech 906 |
| 19:25 | Investigar | Tech 906 |
| 19:35 | Crear | Fishing Ship |
| 19:36 | Crear | Fishing Ship |
| 19:36 | Crear | Fishing Ship |
| 19:39 | Construir | Farm |
| 19:41 | Construir | Farm |
| 19:42 | Investigar | Horse Collar |
| 19:43 | Investigar | Horse Collar |
| 20:10 | Construir | Watch Tower |
| 20:29 | Construir | Watch Tower |
| 20:29 | Edad | Edad de los Castillos |
| 20:50 | Crear | Villager (Male) |
| 20:54 | Investigar | Wheelbarrow |
| 21:23 | Construir | Siege Workshop |
| 21:25 | Crear | Villager (Male) |
| 21:33 | Crear | Villager (Male) |
| 21:54 | Construir | Town Center |
| 22:03 | Construir | Lumber Camp |
| 22:18 | Crear | Battering Ram |
| 22:27 | Crear | Villager (Male) |
| 23:03 | Investigar | Gillnets |
| 23:03 | Crear | Fishing Ship |
| 23:04 | Crear | Fishing Ship |
| 23:04 | Crear | Fishing Ship |
| 23:11 | Crear | Villager (Male) |
| 23:30 | Crear | Battering Ram |
| 23:34 | Crear | Villager (Male) |
| 23:49 | Construir | Mining Camp |
| 23:52 | Crear | Villager (Male) |
| 24:05 | Crear | Villager (Male) |
| 24:22 | Construir | Mining Camp |
| 24:25 | Construir | Barracks |
| 24:28 | Crear | Villager (Male) |
| 24:39 | Crear | Villager (Male) |
| 24:42 | Construir | House |
| 24:43 | Construir | House |
| 24:43 | Construir | House |
| 24:43 | Construir | House |
| 24:45 | Construir | House |
| 24:46 | Crear | Villager (Male) |
| 24:49 | Construir | Farm |
| 24:51 | Construir | Farm |
| 24:54 | Construir | Farm |
| 24:55 | Crear | Villager (Male) |
| 25:01 | Crear | Villager (Male) |
| 25:06 | Construir | Farm |
| 25:16 | Crear | Villager (Male) |
| 25:18 | Construir | House |
| 25:19 | Construir | House |
| 25:20 | Construir | House |
| 25:20 | Construir | House |
| 25:20 | Construir | House |
| 25:20 | Construir | House |
| 25:28 | Construir | Farm |
| 25:42 | Construir | Stable |
| 26:27 | Construir | Farm |
| 26:27 | Construir | Farm |
| 26:28 | Crear | Villager (Male) |
| 26:35 | Investigar | Gold Mining |
| 26:36 | Investigar | Gold Mining |
| 26:38 | Crear | Villager (Male) |
| 26:51 | Construir | Market |
| 26:55 | Construir | Mining Camp |
| 27:10 | Crear | Villager (Male) |
| 27:14 | Investigar | Hand Cart |
| 27:14 | Investigar | Hand Cart |
| 27:17 | Construir | Farm |
| 27:45 | Crear | Villager (Male) |
| 27:46 | Crear | Villager (Male) |
| 27:53 | Crear | Villager (Male) |
Build order — shogun
Primeras 150 de 815 acciones detectadas
| 0:21 | Construir | Town Center |
| 0:49 | Construir | House |
| 2:06 | Construir | Dock |
| 2:37 | Crear | Villager (Male) |
| 2:38 | Crear | Villager (Male) |
| 2:38 | Crear | Villager (Male) |
| 2:39 | Crear | Villager (Male) |
| 2:39 | Crear | Villager (Male) |
| 2:39 | Crear | Villager (Male) |
| 2:47 | Crear | Fishing Ship |
| 2:47 | Crear | Fishing Ship |
| 3:43 | Investigar | Loom |
| 3:53 | Crear | Villager (Male) |
| 4:09 | Construir | House |
| 4:12 | Crear | Villager (Male) |
| 4:12 | Crear | Villager (Male) |
| 4:53 | Crear | Villager (Male) |
| 5:15 | Crear | Villager (Male) |
| 5:15 | Crear | Villager (Male) |
| 5:28 | Crear | Villager (Male) |
| 5:28 | Crear | Villager (Male) |
| 6:17 | Crear | Villager (Male) |
| 6:17 | Crear | Villager (Male) |
| 6:32 | Crear | Fishing Ship |
| 6:43 | Crear | Villager (Male) |
| 6:43 | Crear | Villager (Male) |
| 6:51 | Construir | House |
| 7:36 | Crear | Villager (Male) |
| 7:36 | Crear | Villager (Male) |
| 7:36 | Crear | Villager (Male) |
| 7:37 | Crear | Villager (Male) |
| 8:01 | Crear | Villager (Male) |
| 8:01 | Crear | Villager (Male) |
| 8:01 | Crear | Villager (Male) |
| 8:02 | Crear | Villager (Male) |
| 8:02 | Crear | Villager (Male) |
| 8:23 | Construir | House |
| 8:50 | Crear | Fishing Ship |
| 8:51 | Crear | Villager (Male) |
| 9:44 | Crear | Fishing Ship |
| 9:45 | Crear | Fishing Ship |
| 10:00 | Construir | House |
| 10:25 | Crear | Villager (Male) |
| 10:25 | Crear | Villager (Male) |
| 11:23 | Construir | Lumber Camp |
| 11:46 | Construir | House |
| 11:59 | Investigar | Feudal Age |
| 12:16 | Crear | Villager (Male) |
| 12:40 | Construir | Dock |
| 13:20 | Construir | House |
| 13:26 | Crear | Villager (Male) |
| 13:44 | Construir | Mining Camp |
| 14:06 | Edad | Edad Feudal |
| 14:08 | Crear | Villager (Male) |
| 14:08 | Crear | Villager (Male) |
| 14:08 | Crear | Villager (Male) |
| 14:26 | Crear | Unit 2626 |
| 14:31 | Construir | Blacksmith |
| 14:39 | Crear | Villager (Male) |
| 14:40 | Crear | Villager (Male) |
| 14:54 | Crear | Villager (Male) |
| 14:57 | Investigar | Double-Bit Axe |
| 15:07 | Crear | Unit 2626 |
| 15:13 | Crear | Villager (Male) |
| 15:26 | Construir | House |
| 15:28 | Investigar | Fletching |
| 15:28 | Investigar | Padded Archer Armor |
| 15:30 | Crear | Unit 2626 |
| 15:34 | Crear | Villager (Male) |
| 15:34 | Crear | Villager (Male) |
| 15:35 | Crear | Villager (Male) |
| 15:48 | Construir | Mill |
| 16:09 | Crear | Unit 2626 |
| 16:19 | Investigar | Wheelbarrow |
| 16:22 | Crear | Villager (Male) |
| 16:22 | Crear | Villager (Male) |
| 16:43 | Crear | Unit 2626 |
| 16:44 | Crear | Unit 2626 |
| 16:51 | Crear | Unit 2626 |
| 16:51 | Crear | Unit 2626 |
| 17:40 | Construir | Market |
| 17:57 | Construir | Lumber Camp |
| 18:10 | Crear | Villager (Male) |
| 18:10 | Crear | Villager (Male) |
| 18:11 | Crear | Villager (Male) |
| 18:31 | Investigar | Castle Age |
| 18:41 | Construir | Dock |
| 18:50 | Crear | Fishing Ship |
| 18:50 | Crear | Fishing Ship |
| 18:51 | Crear | Fishing Ship |
| 18:51 | Crear | Fishing Ship |
| 18:53 | Crear | Villager (Male) |
| 18:53 | Crear | Villager (Male) |
| 18:57 | Construir | House |
| 19:14 | Crear | Villager (Male) |
| 19:24 | Construir | Lumber Camp |
| 19:26 | Construir | House |
| 19:28 | Construir | House |
| 19:47 | Crear | Unit 2626 |
| 19:48 | Crear | Unit 2626 |
| 19:50 | Construir | House |
| 20:15 | Crear | Villager (Male) |
| 20:16 | Crear | Villager (Male) |
| 20:21 | Construir | House |
| 20:23 | Construir | House |
| 20:46 | Investigar | Tech 906 |
| 20:56 | Crear | Villager (Male) |
| 20:59 | Crear | Unit 2626 |
| 21:00 | Crear | Unit 2626 |
| 21:01 | Crear | Unit 2626 |
| 21:04 | Edad | Edad de los Castillos |
| 21:11 | Construir | Dock |
| 21:14 | Crear | Villager (Male) |
| 21:19 | Investigar | Bow Saw |
| 21:22 | Construir | House |
| 21:44 | Investigar | War Galley (upgrade) |
| 21:50 | Investigar | Bodkin Arrow |
| 22:07 | Construir | House |
| 22:26 | Crear | Villager (Male) |
| 22:27 | Crear | Villager (Male) |
| 22:31 | Construir | Lumber Camp |
| 22:45 | Crear | Villager (Male) |
| 22:46 | Crear | Villager (Male) |
| 22:46 | Crear | Villager (Male) |
| 22:48 | Construir | Town Center |
| 22:54 | Crear | Villager (Male) |
| 22:54 | Crear | Villager (Male) |
| 23:09 | Investigar | Gillnets |
| 23:11 | Construir | House |
| 23:13 | Crear | Villager (Male) |
| 23:53 | Crear | Villager (Male) |
| 23:53 | Crear | Villager (Male) |
| 23:53 | Crear | Villager (Male) |
| 23:53 | Crear | Villager (Male) |
| 23:54 | Crear | Villager (Male) |
| 23:55 | Crear | Villager (Male) |
| 23:55 | Crear | Villager (Male) |
| 23:56 | Crear | Villager (Male) |
| 23:56 | Crear | Villager (Male) |
| 24:08 | Construir | Lumber Camp |
| 24:17 | Crear | Fishing Ship |
| 24:17 | Crear | Fishing Ship |
| 24:27 | Construir | Dock |
| 24:36 | Investigar | Hand Cart |
| 24:38 | Investigar | Stone Mining |
| 24:39 | Crear | Villager (Male) |
| 24:40 | Crear | Villager (Male) |
| 25:01 | Crear | Fishing Ship |
| 25:01 | Crear | Fishing Ship |
| 25:04 | Crear | Fishing Ship |
Build order — [TOX2] A-c-Syno-666
Primeras 150 de 227 acciones detectadas
| 0:32 | Construir | Town Center |
| 1:23 | Construir | Dock |
| 1:28 | Construir | Palisade Wall |
| 1:29 | Construir | Palisade Wall |
| 2:03 | Construir | House |
| 2:51 | Crear | Villager (Male) |
| 2:52 | Crear | Villager (Male) |
| 2:52 | Crear | Villager (Male) |
| 2:57 | Crear | Villager (Male) |
| 2:57 | Crear | Villager (Male) |
| 3:28 | Crear | Fishing Ship |
| 4:28 | Construir | House |
| 4:29 | Crear | Villager (Male) |
| 4:29 | Crear | Villager (Male) |
| 4:35 | Crear | Fishing Ship |
| 4:36 | Crear | Fishing Ship |
| 5:32 | Crear | Villager (Male) |
| 5:32 | Crear | Villager (Male) |
| 5:35 | Construir | House |
| 5:56 | Crear | Villager (Male) |
| 5:57 | Crear | Villager (Male) |
| 6:02 | Crear | Fishing Ship |
| 6:14 | Construir | House |
| 6:22 | Crear | Villager (Male) |
| 6:23 | Crear | Villager (Male) |
| 6:45 | Crear | Villager (Male) |
| 6:45 | Crear | Villager (Male) |
| 6:58 | Crear | Fishing Ship |
| 6:59 | Crear | Fishing Ship |
| 7:08 | Crear | Villager (Male) |
| 7:09 | Crear | Villager (Male) |
| 7:20 | Crear | Villager (Male) |
| 7:21 | Crear | Villager (Male) |
| 7:30 | Crear | Villager (Male) |
| 7:46 | Construir | Mining Camp |
| 7:50 | Crear | Villager (Male) |
| 7:50 | Crear | Villager (Male) |
| 8:18 | Crear | Villager (Male) |
| 8:47 | Crear | Villager (Male) |
| 9:21 | Crear | Villager (Male) |
| 9:21 | Crear | Villager (Male) |
| 9:27 | Crear | Villager (Male) |
| 9:46 | Investigar | Loom |
| 10:36 | Investigar | Feudal Age |
| 10:36 | Investigar | Feudal Age |
| 11:26 | Crear | Fishing Ship |
| 12:03 | Crear | Fishing Ship |
| 12:12 | Construir | Mining Camp |
| 12:39 | Edad | Edad Feudal |
| 12:43 | Crear | Villager (Male) |
| 12:43 | Crear | Villager (Male) |
| 12:46 | Construir | House |
| 12:50 | Investigar | Wheelbarrow |
| 13:37 | Construir | House |
| 13:39 | Crear | Villager (Male) |
| 13:39 | Crear | Villager (Male) |
| 14:09 | Crear | Fishing Ship |
| 14:22 | Construir | Blacksmith |
| 14:26 | Crear | Villager (Male) |
| 14:27 | Crear | Villager (Male) |
| 14:28 | Construir | Mill |
| 14:55 | Construir | House |
| 15:02 | Construir | House |
| 15:15 | Crear | Villager (Male) |
| 15:15 | Crear | Villager (Male) |
| 16:06 | Construir | Watch Tower |
| 16:24 | Construir | Palisade Wall |
| 16:48 | Crear | Villager (Male) |
| 16:49 | Crear | Villager (Male) |
| 17:11 | Crear | Villager (Male) |
| 18:03 | Construir | Market |
| 18:19 | Investigar | Fletching |
| 18:38 | Investigar | Castle Age |
| 18:38 | Investigar | Castle Age |
| 18:38 | Investigar | Castle Age |
| 20:26 | Construir | Watch Tower |
| 21:03 | Edad | Edad de los Castillos |
| 21:12 | Construir | Castle |
| 21:26 | Crear | Villager (Male) |
| 21:26 | Crear | Villager (Male) |
| 22:30 | Construir | Siege Workshop |
| 22:40 | Construir | Town Center |
| 23:05 | Crear | Mangonel |
| 23:06 | Crear | Mangonel |
| 23:10 | Construir | Lumber Camp |
| 23:22 | Construir | Barracks |
| 24:24 | Crear | Battering Ram |
| 25:57 | Crear | Mangonel |
| 26:35 | Crear | Mangonel |
| 26:36 | Crear | Mangonel |
| 26:39 | Crear | Villager (Male) |
| 26:39 | Crear | Villager (Male) |
| 28:42 | Construir | Stable |
| 29:18 | Construir | Lumber Camp |
| 29:23 | Construir | Stable |
| 29:29 | Crear | Camel Scout |
| 29:47 | Investigar | Town Watch |
| 29:48 | Investigar | Town Watch |
| 30:00 | Construir | Mining Camp |
| 30:35 | Crear | Camel Scout |
| 30:35 | Crear | Camel Scout |
| 30:52 | Crear | Camel Scout |
| 30:53 | Construir | House |
| 31:31 | Crear | Camel Scout |
| 31:31 | Crear | Camel Scout |
| 31:32 | Crear | Camel Scout |
| 31:49 | Crear | Camel Scout |
| 31:49 | Crear | Camel Scout |
| 32:48 | Construir | Castle |
| 36:32 | Construir | Castle |
| 36:52 | Construir | Castle |
| 37:33 | Construir | House |
| 37:36 | Construir | Palisade Gate |
| 37:41 | Construir | House |
| 40:51 | Construir | Town Center |
| 42:17 | Crear | Villager (Male) |
| 42:18 | Crear | Villager (Male) |
| 42:18 | Crear | Villager (Male) |
| 42:18 | Crear | Villager (Male) |
| 42:18 | Crear | Villager (Male) |
| 42:50 | Construir | Town Center |
| 44:36 | Construir | Mining Camp |
| 46:56 | Construir | Town Center |
| 48:26 | Crear | Villager (Male) |
| 48:26 | Crear | Villager (Male) |
| 48:26 | Crear | Villager (Male) |
| 48:26 | Crear | Villager (Male) |
| 49:19 | Crear | Villager (Male) |
| 49:20 | Crear | Villager (Male) |
| 49:37 | Crear | Villager (Male) |
| 49:38 | Crear | Villager (Male) |
| 49:38 | Crear | Villager (Male) |
| 50:44 | Crear | Villager (Male) |
| 50:44 | Crear | Villager (Male) |
| 50:45 | Crear | Villager (Male) |
| 50:45 | Crear | Villager (Male) |
| 51:39 | Crear | Villager (Male) |
| 51:40 | Crear | Villager (Male) |
| 52:47 | Construir | Dock |
| 52:58 | Crear | Villager (Male) |
| 52:59 | Crear | Villager (Male) |
| 52:59 | Crear | Villager (Male) |
| 53:26 | Construir | Stable |
| 53:58 | Crear | Villager (Male) |
| 53:58 | Crear | Villager (Male) |
| 53:59 | Crear | Villager (Male) |
| 54:09 | Investigar | War Galley (upgrade) |
| 54:15 | Construir | Dock |
| 54:30 | Construir | Mining Camp |
| 54:50 | Crear | Fire Galley |
Build order — 抖音小妖
Primeras 150 de 738 acciones detectadas
| 0:07 | Construir | Town Center |
| 0:34 | Construir | Dock |
| 0:36 | Construir | House |
| 2:32 | Crear | Villager (Male) |
| 2:32 | Crear | Villager (Male) |
| 2:33 | Crear | Villager (Male) |
| 3:24 | Crear | Villager (Male) |
| 3:38 | Crear | Fishing Ship |
| 4:04 | Investigar | Loom |
| 4:06 | Crear | Villager (Male) |
| 4:47 | Crear | Villager (Male) |
| 4:52 | Construir | House |
| 5:02 | Construir | House |
| 5:12 | Crear | Fishing Ship |
| 5:44 | Crear | Villager (Male) |
| 6:08 | Crear | Villager (Male) |
| 6:21 | Crear | Villager (Male) |
| 6:25 | Crear | Fishing Ship |
| 6:28 | Construir | House |
| 6:52 | Crear | Villager (Male) |
| 7:06 | Crear | Fishing Ship |
| 7:19 | Crear | Villager (Male) |
| 7:39 | Crear | Villager (Male) |
| 8:07 | Crear | Villager (Male) |
| 8:17 | Crear | Villager (Male) |
| 8:44 | Crear | Villager (Male) |
| 8:48 | Construir | House |
| 8:55 | Construir | Mining Camp |
| 9:26 | Crear | Villager (Male) |
| 9:29 | Crear | Villager (Male) |
| 10:06 | Construir | Mill |
| 10:12 | Crear | Villager (Male) |
| 10:37 | Crear | Villager (Male) |
| 11:04 | Investigar | Feudal Age |
| 11:10 | Construir | House |
| 12:12 | Construir | Lumber Camp |
| 13:00 | Crear | Villager (Male) |
| 13:01 | Crear | Villager (Male) |
| 13:31 | Edad | Edad Feudal |
| 13:35 | Construir | Blacksmith |
| 13:41 | Construir | Market |
| 14:55 | Construir | Palisade Wall |
| 15:00 | Investigar | Castle Age |
| 15:16 | Investigar | Double-Bit Axe |
| 15:35 | Construir | House |
| 15:37 | Construir | Palisade Wall |
| 15:44 | Construir | Palisade Wall |
| 16:07 | Investigar | Horse Collar |
| 16:36 | Construir | Palisade Wall |
| 16:59 | Crear | Villager (Male) |
| 17:36 | Crear | Unit 2626 |
| 17:39 | Crear | Unit 2626 |
| 17:40 | Edad | Edad de los Castillos |
| 17:45 | Crear | Villager (Male) |
| 17:50 | Construir | Town Center |
| 18:03 | Construir | Town Center |
| 18:14 | Investigar | Bow Saw |
| 18:34 | Investigar | Heavy Plow |
| 18:39 | Investigar | Town Watch |
| 19:13 | Crear | Villager (Male) |
| 19:38 | Crear | Villager (Male) |
| 19:41 | Construir | Farm |
| 19:42 | Construir | Farm |
| 20:02 | Crear | Villager (Male) |
| 20:04 | Construir | Farm |
| 20:10 | Construir | House |
| 20:16 | Construir | House |
| 20:18 | Crear | Villager (Male) |
| 20:22 | Construir | Farm |
| 20:23 | Crear | Villager (Male) |
| 20:30 | Crear | Villager (Male) |
| 20:45 | Construir | Town Center |
| 20:47 | Crear | Villager (Male) |
| 20:54 | Crear | Villager (Male) |
| 21:03 | Crear | Villager (Male) |
| 21:22 | Crear | Villager (Male) |
| 21:38 | Construir | Farm |
| 21:40 | Construir | Farm |
| 21:43 | Construir | Farm |
| 21:45 | Crear | Villager (Male) |
| 21:50 | Crear | Villager (Male) |
| 22:06 | Crear | Villager (Male) |
| 22:07 | Crear | Villager (Male) |
| 22:09 | Crear | Villager (Male) |
| 22:11 | Investigar | Gold Mining |
| 22:12 | Crear | Villager (Male) |
| 22:23 | Crear | Villager (Male) |
| 22:26 | Crear | Villager (Male) |
| 22:29 | Construir | Farm |
| 22:31 | Construir | Farm |
| 22:47 | Crear | Villager (Male) |
| 22:54 | Crear | Villager (Male) |
| 22:57 | Construir | Farm |
| 22:59 | Construir | Farm |
| 23:01 | Construir | Farm |
| 23:07 | Construir | Farm |
| 23:09 | Crear | Villager (Male) |
| 23:17 | Construir | Farm |
| 23:18 | Crear | Villager (Male) |
| 23:29 | Construir | Farm |
| 23:32 | Construir | Farm |
| 23:36 | Crear | Villager (Male) |
| 23:38 | Investigar | Stone Mining |
| 23:40 | Crear | Villager (Male) |
| 23:50 | Crear | Villager (Male) |
| 23:56 | Construir | Farm |
| 23:58 | Crear | Villager (Male) |
| 24:16 | Crear | Villager (Male) |
| 24:31 | Construir | Barracks |
| 24:39 | Crear | Villager (Male) |
| 24:42 | Construir | Farm |
| 24:47 | Investigar | Wheelbarrow |
| 24:49 | Crear | Villager (Male) |
| 24:54 | Crear | Villager (Male) |
| 24:58 | Crear | Villager (Male) |
| 25:00 | Construir | Farm |
| 25:01 | Construir | Farm |
| 25:04 | Construir | Farm |
| 25:05 | Construir | Farm |
| 25:10 | Construir | House |
| 25:12 | Construir | House |
| 25:20 | Construir | Farm |
| 25:21 | Crear | Villager (Male) |
| 25:36 | Construir | House |
| 25:56 | Construir | Siege Workshop |
| 26:05 | Crear | Villager (Male) |
| 26:06 | Crear | Villager (Male) |
| 26:07 | Crear | Villager (Male) |
| 26:12 | Crear | Villager (Male) |
| 26:21 | Crear | Villager (Male) |
| 26:30 | Construir | Castle |
| 26:33 | Crear | Villager (Male) |
| 26:35 | Crear | Villager (Male) |
| 26:37 | Construir | House |
| 26:38 | Construir | House |
| 26:42 | Crear | Villager (Male) |
| 26:49 | Crear | Villager (Male) |
| 26:52 | Crear | Villager (Male) |
| 27:08 | Crear | Mangonel |
| 27:11 | Crear | Villager (Male) |
| 27:13 | Crear | Villager (Male) |
| 27:17 | Investigar | Gold Shaft Mining |
| 27:21 | Crear | Villager (Male) |
| 27:22 | Crear | Villager (Male) |
| 27:41 | Construir | Farm |
| 27:43 | Construir | Farm |
| 27:45 | Construir | Farm |
| 27:46 | Construir | Farm |
| 27:48 | Construir | Farm |
| 27:53 | Crear | Villager (Male) |
Build order — Hakka
Primeras 150 de 436 acciones detectadas
| 0:06 | Construir | Town Center |
| 0:24 | Construir | House |
| 2:25 | Construir | House |
| 2:40 | Investigar | Loom |
| 2:40 | Investigar | Loom |
| 2:40 | Investigar | Loom |
| 2:40 | Investigar | Loom |
| 2:55 | Crear | Villager (Male) |
| 2:55 | Crear | Villager (Male) |
| 2:55 | Crear | Villager (Male) |
| 2:56 | Crear | Villager (Male) |
| 2:56 | Crear | Villager (Male) |
| 2:56 | Crear | Villager (Male) |
| 4:34 | Construir | House |
| 4:36 | Crear | Villager (Male) |
| 4:36 | Crear | Villager (Male) |
| 4:36 | Crear | Villager (Male) |
| 5:16 | Crear | Villager (Male) |
| 5:16 | Crear | Villager (Male) |
| 5:33 | Crear | Villager (Male) |
| 5:33 | Crear | Villager (Male) |
| 6:12 | Crear | Villager (Male) |
| 6:12 | Crear | Villager (Male) |
| 6:12 | Crear | Villager (Male) |
| 6:12 | Crear | Villager (Male) |
| 6:36 | Crear | Villager (Male) |
| 6:36 | Crear | Villager (Male) |
| 6:36 | Crear | Villager (Male) |
| 6:44 | Construir | House |
| 7:07 | Crear | Villager (Male) |
| 7:07 | Crear | Villager (Male) |
| 7:49 | Construir | Mill |
| 8:03 | Crear | Villager (Male) |
| 8:03 | Crear | Villager (Male) |
| 8:38 | Construir | House |
| 8:38 | Crear | Villager (Male) |
| 8:39 | Crear | Villager (Male) |
| 8:39 | Crear | Villager (Male) |
| 8:42 | Crear | Villager (Male) |
| 8:43 | Crear | Villager (Male) |
| 9:06 | Crear | Villager (Male) |
| 9:07 | Crear | Villager (Male) |
| 9:07 | Crear | Villager (Male) |
| 9:19 | Crear | Villager (Male) |
| 10:17 | Crear | Villager (Male) |
| 10:41 | Crear | Villager (Male) |
| 10:46 | Construir | Mule Cart |
| 10:52 | Crear | Villager (Male) |
| 12:30 | Investigar | Feudal Age |
| 12:30 | Investigar | Feudal Age |
| 12:50 | Construir | Mule Cart |
| 14:48 | Edad | Edad Feudal |
| 14:53 | Construir | Market |
| 14:57 | Construir | Blacksmith |
| 15:11 | Crear | Villager (Male) |
| 15:16 | Investigar | Stone Mining |
| 15:16 | Investigar | Stone Mining |
| 15:16 | Investigar | Stone Mining |
| 15:57 | Investigar | Castle Age |
| 15:57 | Investigar | Castle Age |
| 16:15 | Investigar | Double-Bit Axe |
| 16:15 | Investigar | Double-Bit Axe |
| 16:16 | Investigar | Double-Bit Axe |
| 16:19 | Investigar | Gold Mining |
| 16:19 | Investigar | Gold Mining |
| 16:20 | Investigar | Gold Mining |
| 17:16 | Investigar | Horse Collar |
| 17:16 | Investigar | Horse Collar |
| 17:16 | Investigar | Horse Collar |
| 18:37 | Edad | Edad de los Castillos |
| 18:39 | Construir | Monastery |
| 18:43 | Investigar | Fletching |
| 18:45 | Investigar | Town Watch |
| 19:19 | Construir | Castle |
| 19:22 | Crear | Monk |
| 19:23 | Crear | Monk |
| 19:32 | Investigar | Heavy Plow |
| 19:32 | Investigar | Heavy Plow |
| 19:33 | Investigar | Heavy Plow |
| 20:31 | Crear | Villager (Male) |
| 21:18 | Construir | Town Center |
| 22:15 | Investigar | Svan Towers |
| 22:15 | Investigar | Svan Towers |
| 22:15 | Investigar | Svan Towers |
| 22:15 | Investigar | Svan Towers |
| 22:55 | Construir | Watch Tower |
| 23:26 | Construir | Watch Tower |
| 23:48 | Construir | Watch Tower |
| 23:56 | Construir | Watch Tower |
| 23:59 | Crear | Villager (Male) |
| 23:59 | Crear | Villager (Male) |
| 24:00 | Crear | Villager (Male) |
| 24:20 | Construir | Watch Tower |
| 24:29 | Crear | Villager (Male) |
| 24:30 | Crear | Villager (Male) |
| 24:56 | Crear | Villager (Male) |
| 24:57 | Crear | Villager (Male) |
| 25:57 | Crear | Villager (Male) |
| 26:18 | Construir | Outpost |
| 26:31 | Construir | Mule Cart |
| 26:43 | Crear | Villager (Male) |
| 27:00 | Construir | Outpost |
| 27:03 | Crear | Villager (Male) |
| 27:10 | Crear | Villager (Male) |
| 27:12 | Crear | Villager (Male) |
| 27:30 | Construir | Watch Tower |
| 27:38 | Construir | Watch Tower |
| 27:50 | Investigar | Bodkin Arrow |
| 27:50 | Investigar | Bodkin Arrow |
| 27:50 | Investigar | Bodkin Arrow |
| 27:50 | Investigar | Bodkin Arrow |
| 27:55 | Crear | Villager (Male) |
| 28:26 | Construir | University |
| 29:01 | Construir | Stone Wall |
| 29:03 | Construir | Stone Wall |
| 29:06 | Crear | Villager (Male) |
| 29:15 | Crear | Villager (Male) |
| 29:28 | Construir | Mule Cart |
| 29:33 | Crear | Villager (Male) |
| 29:44 | Construir | Stone Wall |
| 29:56 | Investigar | Murder Holes |
| 29:56 | Investigar | Murder Holes |
| 29:56 | Investigar | Murder Holes |
| 29:56 | Investigar | Murder Holes |
| 30:03 | Construir | Mule Cart |
| 30:07 | Crear | Villager (Male) |
| 30:31 | Investigar | Masonry |
| 30:31 | Investigar | Masonry |
| 30:32 | Investigar | Masonry |
| 30:52 | Construir | Castle |
| 31:07 | Crear | Villager (Male) |
| 31:33 | Construir | Watch Tower |
| 32:21 | Construir | Town Center |
| 32:46 | Construir | Farm |
| 32:49 | Construir | Farm |
| 32:50 | Construir | Farm |
| 33:09 | Construir | Farm |
| 33:19 | Construir | Farm |
| 33:44 | Investigar | Imperial Age |
| 33:45 | Investigar | Imperial Age |
| 33:45 | Investigar | Imperial Age |
| 34:17 | Construir | Stone Wall |
| 34:22 | Construir | Gate |
| 34:23 | Construir | Stone Wall |
| 34:34 | Construir | Gate |
| 34:36 | Construir | Stone Wall |
| 35:08 | Crear | Villager (Male) |
| 35:09 | Crear | Villager (Male) |
| 35:09 | Crear | Villager (Male) |
| 35:16 | Construir | Barracks |
Cronología de la partida
| 0:34 | 抖音小妖 · first_building Dock |
| 1:01 | FromEast · first_building Dock |
| 1:23 | [TOX2] A-c-Syno-666 · first_building Dock |
| 1:28 | [TOX2] A-c-Syno-666 · wall_segment Palisade Wall x1 |
| 1:29 | [TOX2] A-c-Syno-666 · wall_segment Palisade Wall x1 |
| 2:06 | shogun · first_building Dock |
| 2:46 | wayneidriss · first_building Dock |
| 4:45 | YuHan · first_building Dock |
| 4:47 | -从未败过Never defeated · first_building Dock |
| 12:39 | [TOX2] A-c-Syno-666 · age_up feudal |
| 13:25 | wayneidriss · age_up feudal |
| 13:31 | 抖音小妖 · age_up feudal |
| 13:34 | YuHan · wall_segment Palisade Wall x1 |
| 13:35 | YuHan · wall_segment Palisade Wall x1 |
| 13:38 | YuHan · wall_segment Palisade Wall x4 |
| 13:42 | YuHan · wall_segment Palisade Wall x1 |
| 14:06 | shogun · age_up feudal |
| 14:18 | FromEast · age_up feudal |
| 14:36 | -从未败过Never defeated · age_up feudal |
| 14:48 | Hakka · age_up feudal |
| 14:55 | 抖音小妖 · wall_segment Palisade Wall x3 |
| 15:20 | YuHan · age_up feudal |
| 15:36 | -从未败过Never defeated · first_market_sell 100 food |
| 15:37 | 抖音小妖 · wall_segment Palisade Wall x1 |
| 15:44 | 抖音小妖 · wall_segment Palisade Wall x6 |
| 15:46 | YuHan · wall_segment Palisade Wall x1 |
| 15:47 | YuHan · wall_segment Palisade Wall x1 |
| 16:24 | [TOX2] A-c-Syno-666 · wall_segment Palisade Wall x1 |
| 16:36 | 抖音小妖 · wall_segment Palisade Wall x4 |
| 16:38 | wayneidriss · age_up castle |
| 17:12 | YuHan · wall_segment Palisade Wall x6 |
| 17:17 | YuHan · wall_segment Palisade Wall x1 |
| 17:23 | YuHan · wall_segment Palisade Wall x1 |
| 17:32 | FromEast · age_up castle |
| 17:40 | 抖音小妖 · age_up castle |
| 17:53 | YuHan · first_market_sell 100 food |
| 18:06 | wayneidriss · wall_segment Palisade Wall x1 |
| 18:08 | wayneidriss · wall_segment Palisade Wall x1 |
| 18:10 | wayneidriss · wall_segment Palisade Wall x1 |
| 18:13 | wayneidriss · wall_segment Palisade Wall x1 |
| 18:15 | wayneidriss · wall_segment Palisade Wall x1 |
| 18:18 | -从未败过Never defeated · age_up castle |
| 18:28 | shogun · first_market_sell 100 food |
| 18:34 | [TOX2] A-c-Syno-666 · first_market_sell 100 stone |
| 18:37 | Hakka · age_up castle |
| 18:39 | Hakka · first_building Monastery |
| 19:19 | Hakka · first_building Castle |
| 20:29 | YuHan · age_up castle |
| 20:33 | -从未败过Never defeated · first_building Castle |
| 20:50 | [TOX2] A-c-Syno-666 · first_market_buy 100 stone |
| 21:03 | [TOX2] A-c-Syno-666 · age_up castle |
| 21:04 | shogun · age_up castle |
| 21:12 | [TOX2] A-c-Syno-666 · first_building Castle |
| 21:23 | YuHan · first_building Siege Workshop |
| 21:54 | -从未败过Never defeated · first_market_buy 100 stone |
| 22:11 | Hakka · first_market_buy 100 food |
| 22:30 | [TOX2] A-c-Syno-666 · first_building Siege Workshop |
| 23:22 | [TOX2] A-c-Syno-666 · first_building Barracks |
| 23:24 | FromEast · wall_segment Stone Wall x11 |
| 23:44 | FromEast · first_building Barracks |
| 23:55 | FromEast · wall_segment Stone Wall x6 |
| 24:03 | FromEast · wall_segment Stone Wall x3 |
| 24:12 | FromEast · wall_segment Stone Wall x9 |
| 24:25 | YuHan · first_building Barracks |
| 24:31 | 抖音小妖 · first_building Barracks |
| 24:35 | wayneidriss · first_building Castle |
| 25:23 | wayneidriss · wall_segment Palisade Wall x1 |
| 25:42 | YuHan · first_building Stable |
| 25:56 | 抖音小妖 · first_building Siege Workshop |
| 25:57 | FromEast · wall_segment Stone Wall x1 |
| 26:04 | FromEast · wall_segment Stone Wall x7 |
| 26:27 | FromEast · first_building Monastery |
| 26:29 | FromEast · first_building Stable |
| 26:30 | 抖音小妖 · first_building Castle |
| 27:03 | FromEast · first_market_sell 100 food |
| 28:04 | FromEast · first_building Castle |
| 28:22 | YuHan · first_market_buy 100 stone |
| 28:37 | shogun · first_building Castle |
| 28:42 | [TOX2] A-c-Syno-666 · first_building Stable |
| 28:55 | -从未败过Never defeated · first_building Siege Workshop |
| 29:01 | Hakka · wall_segment Stone Wall x1 |
| 29:03 | Hakka · wall_segment Stone Wall x1 |
| 29:14 | wayneidriss · first_building Stable |
| 29:43 | 抖音小妖 · first_building Stable |
| 29:44 | Hakka · wall_segment Stone Wall x1 |
| 29:57 | FromEast · age_up imperial |
| 31:28 | wayneidriss · age_up imperial |
| 31:38 | shogun · first_building Barracks |
| 32:11 | 抖音小妖 · age_up imperial |
| 32:49 | shogun · first_building Stable |
| 33:31 | shogun · age_up imperial |
| 34:00 | YuHan · first_building Monastery |
| 34:17 | Hakka · wall_segment Stone Wall x1 |
| 34:23 | Hakka · wall_segment Stone Wall x1 |
| 34:36 | Hakka · wall_segment Stone Wall x1 |
| 35:16 | Hakka · first_building Barracks |
| 35:44 | wayneidriss · first_market_sell 100 food |
| 36:08 | Hakka · first_building Dock |
| 36:23 | Hakka · first_building Stable |
| 36:54 | Hakka · age_up imperial |
| 37:59 | YuHan · age_up imperial |
| 38:49 | -从未败过Never defeated · first_building Barracks |
| 38:52 | -从未败过Never defeated · age_up imperial |
| 39:14 | 抖音小妖 · first_market_sell 100 wood |
| 39:17 | -从未败过Never defeated · first_building Archery Range |
| 39:18 | -从未败过Never defeated · first_building Stable |
| 39:27 | FromEast · wall_segment Stone Wall x2 |
| 39:54 | wayneidriss · wall_segment Palisade Wall x1 |
| 39:56 | wayneidriss · wall_segment Palisade Wall x1 |
| 40:00 | wayneidriss · wall_segment Palisade Wall x1 |
| 40:09 | wayneidriss · wall_segment Palisade Wall x1 |
| 40:18 | wayneidriss · wall_segment Stone Wall x12 |
| 41:07 | wayneidriss · wall_segment Palisade Wall x1 |
| 41:09 | wayneidriss · wall_segment Palisade Wall x1 |
| 41:11 | wayneidriss · wall_segment Palisade Wall x1 |
| 41:14 | wayneidriss · wall_segment Palisade Wall x1 |
| 45:41 | shogun · wall_segment Stone Wall x1 |
| 45:55 | 抖音小妖 · first_building Monastery |
| 47:05 | FromEast · wall_segment Palisade Wall x1 |
| 47:14 | FromEast · wall_segment Palisade Wall x1 |
| 47:16 | FromEast · wall_segment Palisade Wall x1 |
| 47:27 | FromEast · wall_segment Stone Wall x11 |
| 47:46 | FromEast · wall_segment Stone Wall x2 |
| 48:02 | FromEast · wall_segment Stone Wall x5 |
| 48:07 | wayneidriss · first_market_buy 100 wood |
| 48:16 | wayneidriss · wall_segment Palisade Wall x1 |
| 49:17 | FromEast · first_market_buy 100 wood |
| 49:22 | 抖音小妖 · first_building Archery Range |
| 51:13 | wayneidriss · wall_segment Palisade Wall x1 |
| 51:38 | wayneidriss · wall_segment Palisade Wall x1 |
| 58:10 | FromEast · tribute_sent a jugador 1 |
| 58:10 | FromEast · tribute_sent a jugador 2 |
| 58:10 | FromEast · tribute_sent a jugador 3 |
| 58:10 | FromEast · tribute_sent a jugador 5 |
| 58:10 | FromEast · tribute_sent a jugador 6 |
| 58:10 | FromEast · tribute_sent a jugador 7 |
| 58:10 | FromEast · tribute_sent a jugador 8 |
| 61:24 | FromEast · tribute_sent a jugador 1 |
| 61:24 | FromEast · tribute_sent a jugador 2 |
| 61:24 | FromEast · tribute_sent a jugador 3 |
| 61:24 | FromEast · tribute_sent a jugador 5 |
| 61:24 | FromEast · tribute_sent a jugador 6 |
| 61:24 | FromEast · tribute_sent a jugador 7 |
| 61:24 | FromEast · tribute_sent a jugador 8 |
| 65:17 | 抖音小妖 · resign |
[ ANÁLISIS IA · 1 CRÉDITO ]
¿Qué pasó realmente en esta partida?
Wolo.gg analiza cada decisión: build order, eco, micro, errores típicos por bracket. Análisis personalizado por WhatsApp o Discord en 30 segundos.
Guía civ
Persas
Perfil
Jugador #2789423